 Dungeon Crawl Stone Soup version 0.20.0-6-gd3061e9 (webtiles) character file.

642250 grindst0ne the Slayer (level 27, -13/258 HPs)
             Began as a Formicid Fighter on May 27, 2017.
             Was the Champion of Okawaru.
             Killed from afar by a Hell Sentinel (34 damage)
             ... with damnation
             ... summoned by an ancient lich
             ... on level 5 of the Realm of Zot on May 28, 2017.
             The game lasted 06:30:30 (64658 turns).

grindst0ne the Slayer (Formicid Fighter)           Turns: 64658, Time: 06:30:30

Health: -13/258    AC: 43    Str: 29    XL:     27
Magic:  27/27      EV: 20    Int: 14    God:    Okawaru [******]
Gold:   6184       SH:  0    Dex: 15    Spells: 26/26 levels left

rFire    + + +     SeeInvis +   q - +10 broad axe of the Heavens {chop, +Rage MR+ Int+4 SInv}
rCold    + + +     Gourm    .   R - +6 large shield of Qynk {+Fly}
rNeg     . . .     Faith    .   U - +16 plate armour of Okawaru's Benevolence {*Contam *Slow rC+++ Regen+}
rPois    +         Spirit   .   (helmet unavailable)
rElec    +         Reflect  .   H - +2 cloak {+Inv}
rCorr    +         Harm     .   y - +0 pair of gloves of the Known World {rF+++ rC+ Str-5 Slay+3}
MR       ++++.                  D - +0 pair of boots "Qiedaih" {Str+2}
Stlth    ..........             t - amulet "Fearyos" {rPois rF- Regen+ Str+2}
Regen    1.4/turn               A - ring "Numitt" {rElec Str+2 Dex-4 Slay+5}
MPRegen  0.2/turn               M - ring "Iwiogg" {rElec rPois MR+}

@: confused, mighty, resistant
A: permanent stasis, dig shafts and tunnels, four strong arms, antennae 3, fire
resistance 1, low mp 2, mutation resistance 1, sense surroundings 1, robust 1
}: 3/15 runes: barnacled, silver, gossamer
a: Dig, Shaft Self, Heroism, Finesse, Renounce Religion, Evoke Invisibility,
Evoke Flight


You were on level 5 of the Realm of Zot.
You worshipped Okawaru.
Okawaru was exalted by your worship.
You were not hungry.

You visited 10 branches of the dungeon, and saw 50 of its levels.
You visited 1 bazaar.
You also visited: Sewer, Ice Cave, Wizlab and Desolation.

You collected 10682 gold pieces.
You spent 4498 gold pieces at shops.

Inventory:

Hand Weapons
 q - the +10 broad axe of the Heavens (weapon) {chop, +Rage MR+ Int+4 SInv}
   (You found it on level 1 of the Realm of Zot)

   It inflicts extra damage upon your enemies.
   It affects your intelligence (+4).
   It affects your resistance to hostile enchantments.
   It lets you see invisible.
   It lets you go berserk.
 G - the +12 broad axe "Hoeluoch" {holy, rC+}
   (Okawaru gifted it to you on level 12 of the Dungeon)

   It has been blessed by the Shining One to cause great damage to the undead
   and demons.
   It protects you from cold.
 I - the cursed +14 obsidian axe {chop, +Fly SInv *Curse}
   (You found it in the Desolation of Salt)

   It inflicts extra damage upon your enemies.
   It lets you see invisible.
   It lets you fly.
   It curses itself when equipped.
   It has a curse placed upon it.
 Q - the +9 broad axe of Conflict {flame, *Corrode rElec Int+9}
   (Okawaru gifted it to you on level 2 of the Lair of Beasts)

   It has been specially enchanted to burn those struck by it, causing extra
   injury to most foes and up to half again as much damage against particularly
   susceptible opponents.
   Big, fiery blades are also staple armaments of hydra-hunters.
   It affects your intelligence (+9).
   It insulates you from electricity.
   It may corrode you when you take damage.
Armour
 m - +1 pearl dragon scales
 y - the +0 pair of gloves of the Known World (worn) {rF+++ rC+ Str-5 Slay+3}
   (You bought it in a shop on level 2 of the Shoals)

   It affects your strength (-5).
   It affects your accuracy and damage with ranged weapons and melee attacks
   (+3).
   It renders you almost immune to fire.
   It protects you from cold.
 D - the +0 pair of boots "Qiedaih" (worn) {Str+2}
   (You found it on level 3 of the Vaults)

   It affects your strength (+2).
 H - a +2 cloak of invisibility (worn)
 R - the +6 large shield of Qynk (worn) {+Fly}
   (Okawaru gifted it to you on level 4 of the Depths)

   It lets you fly.
 U - the +16 plate armour of Okawaru's Benevolence (worn) {*Contam *Slow rC+++ Regen+}
   (Okawaru gifted it to you on level 1 of the Shoals)

   It renders you almost immune to cold.
   It causes magical contamination when unequipped.
   It increases your rate of regeneration.
   It may slow you when you take damage.
 X - +0 gold dragon scales
Jewellery
 t - the amulet "Fearyos" (around neck) {rPois rF- Regen+ Str+2}
   (You found it on level 3 of the Shoals)

   [amulet of regeneration]

   It affects your strength (+2).
   It makes you vulnerable to fire.
   It protects you from poison.
   It increases your rate of regeneration.
 A - the ring "Numitt" (left hand) {rElec Str+2 Dex-4 Slay+5}
   (You found it in the Desolation of Salt)

   [ring of strength]

   It affects your strength (+2).
   It affects your dexterity (-4).
   It affects your accuracy and damage with ranged weapons and melee attacks
   (+5).
   It insulates you from electricity.
 M - the ring "Iwiogg" (right hand) {rElec rPois MR+}
   (You took it off a deep elf master archer on level 3 of the Elven Halls)

   [ring of protection from magic]

   It insulates you from electricity.
   It protects you from poison.
   It affects your resistance to hostile enchantments.
Wands
 b - a wand of disintegration (8/24)
 e - a wand of confusion (20/48)
 v - a wand of polymorph (8/24)
 w - a wand of iceblast (11/15)
 C - a wand of acid (12/15)
 F - a wand of iceblast (7/15)
 J - a wand of paralysis (16/24)
 K - a wand of acid (9/15)
Scrolls
 a - 4 scrolls of magic mapping
 g - 8 scrolls of fear
 i - 13 scrolls of enchant weapon
 k - 13 scrolls of fog
 o - 13 scrolls of enchant armour
 u - 23 scrolls of remove curse
 N - 2 scrolls of brand weapon
 P - 3 scrolls of identify
 T - 3 scrolls of holy word
 W - 3 scrolls of silence
 Z - 8 scrolls of summoning
Potions
 d - 17 potions of curing
 j - 13 potions of flight
 r - 6 potions of might
 B - 7 potions of resistance
 E - 9 potions of agility
 O - 6 potions of cancellation
 S - 7 potions of ambrosia
 V - 8 potions of lignification
Miscellaneous
 x - 2 phantom mirrors
 z - 3 boxes of beasts
 L - a fan of gales
 Y - a lamp of fire
Comestibles
 f - 9 bread rations
 h - 27 fruits
 l - a chunk of flesh
 n - 21 meat rations
 s - 23 royal jellies


   Skills:
 - Level 23.1 Fighting
 + Level 22.5 Axes
 - Level 21.2 Armour
 - Level 20.0 Dodging
 - Level 20.1 Shields
 + Level 15.9 Invocations
 - Level 12.3 Evocations


You had 26 spell levels left.
You didn't know any spells.

Dungeon Overview and Level Annotations

Branches:
Dungeon (15/15)            Temple (1/1) D:7            Lair (6/6) D:8
 Shoals (4/4) Lair:4       Spider (4/4) Lair:4        Slime (0/5) Lair:6
    Orc (2/2) D:12            Elf (3/3) Orc:2        Vaults (5/5) D:13
  Crypt (0/3) Vaults:3     Depths (5/5) D:15            Zot (5/5) Depths:5

Altars:
Ashenzari
Cheibriados
Dithmenos
Elyvilon
Fedhas
Gozag
Hepliaklqana
Kikubaaqudgha
Makhleb
Nemelex Xobeh
Okawaru
Qazlal
Ru
Sif Muna
Trog
Uskayaw
Vehumet
Xom
Yredelemnul
Zin
The Shining One

Shops:
D:6 [   Orc:1 *   Orc:2 !(=[   Elf:2 **%}}=   Shoals:2 [   Vaults:2 (
Vaults:5 ?!!}?%%!?[=   Depths:2 =!=:

Portals:
Hell: Depths:1 Depths:2 Depths:3 Depths:4 Depths:5
Abyss: Depths:2 Depths:4
Pandemonium: Depths:1 Depths:2 Depths:3
Ziggurat: Depths:5

Annotations:
D:8 exclusion: downstairs
Lair:4 exclusion: 2 oklob plants
Lair:6 exclusion: 5 oklob plants
Shoals:3 exclusion: downstairs


Innate Abilities, Weirdness & Mutations

You cannot be hasted, slowed, berserked, paralysed or teleported.
You can dig through walls and to a lower floor.
Your four strong arms can wield two-handed weapons with a shield.
You have a pair of large antennae on your head. (SInv)
Your flesh is heat resistant. (rF+)
Your magical capacity is very low. (-20% MP)
You are somewhat resistant to further mutation.
You passively map a small area around you.
You are robust. (+10% HP)


Message History

You slice the Hell Sentinel!!
The Hell Sentinel is moderately wounded.
The Hell Sentinel misses you.
The Hell Sentinel completely misses you.
You're too confused to move!
You feel like a meek peon again.
The tormentor says, "I will drown you in your own blood."
The Hell Sentinel hits you!
* * * LOW HITPOINT WARNING * * *
The Hell Sentinel barely misses you.
You bump into the unnaturally hard rock wall.
The Hell Sentinel misses you.
The Hell Sentinel completely misses you.
You bump into the unnaturally hard rock wall.
The tormentor calls on the powers of darkness!
Your body is wracked with pain!
* * * LOW HITPOINT WARNING * * *
The Hell Sentinel gestures at you.
The sphere of damnation explodes!
The damnation engulfs you!
You die...

...........## #..........^......
...........# #^^....^.....^....
...........## #..............^..
............# #.^.......^.......
............## #.................
.............###...............[.
###########...###................
##..8.##.....^.^.......
###..@12..............
#▓▓▓▓▓▓▓▓#▓▓##.....▓ ......^....
* , , , .....{..... *, , ,
......^..... * * , ,,
,....(......? * { * ,
,,............ , , ,,
,............ , , ...........


You could see a Hell Sentinel, an electric golem and a tormentor.

Vanquished Creatures
  An orb of fire (Zot:2)
  The ghost of MDvedh the Shatterer, a veteran MiVM of Uskayaw (Zot:4)
  Frederick (Depths:4)
  3 Killer Klowns (Zot:5)
  Xtahua (Vaults:2)
  2 curse toes
  2 caustic shrikes
  4 golden dragons
  Arachne (Spider:2)
  A bone dragon (Depths:5)
  A Hellbinder (WizLab)
  Jorgrun (Depths:4)
  6 liches
  2 deep elf blademasters (Elf:3)
  17 tentacled monstrosities
  9 Orb Guardians (Zot:5)
  2 deep elf master archers (Elf:3)
  7 quicksilver dragons
  11 titans
  7 sphinxes
  10 death cobs
  15 shadow dragons
  4 draconian monks
  11 tengu reavers
  17 storm dragons
  Ilsuiw (Shoals:4)
  10 fire giants
  11 deep elf sorcerers
  15 vault wardens
  14 frost giants
  5 imperial myrmidons (Desolation)
  A balrug (WizLab)
  5 draconian knights
  8 emperor scorpions
  4 iron dragons
  11 ghost moths
  Louise (Elf:2)
  3 draconian stormcallers
  A curse skull (Vaults:3)
  2 cacodemons (WizLab)
  4 draconian shifters
  2 draconian annihilators
  4 deep elf elementalists
  2 spriggan defenders
  2 war gargoyles (Vaults:5)
  9 ironheart preservers
  8 entropy weavers
  5 very ugly things
  2 reapers (WizLab)
  31 stone giants
  7 deep elf demonologists
  2 vampire knights
  An entropy weaver (shapeshifter) (Depths:3)
  7 green draconians
  3 spark wasps
  7 purple draconians
  3 deep elf annihilators (Elf:3)
  7 red draconians
  A halazid warlock (Desolation)
  5 black draconians
  8 yellow draconians
  6 white draconians
  11 deep elf death magi
  5 merfolk javelineers
  A crystal guardian (Vaults:4)
  Snorg (D:10)
  18 ettins
  8 fire dragons
  A green death (WizLab)
  5 ragged hierophants (Desolation)
  A blizzard demon (Depths:1)
  10 merfolk impalers
  A minotaur (Depths:4)
  17 yaktaur captains
  6 deep elf high priests
  9 great orbs of eyes
  9 ice dragons
  7 servants of whispers (Desolation)
  A hell beast (WizLab)
  2 alligator snapping turtles (Shoals:4)
  8 hydras
  A peacekeeper (Desolation)
  7 rakshasas
  7 merfolk aquamancers
  A catoblepas (D:10)
  A spriggan air mage (Depths:2)
  14 centaur warriors
  28 vault guards
  3 death knights
  57 two-headed ogres
  8 deep troll shamans
  3 satyrs
  17 dancing weapons
  13 death yaks
  19 ogre magi
  2 vampire magi
  5 deep troll earth magi
  13 tengu warriors
  A shock serpent (shapeshifter) (Vaults:5)
  4 sun demons
  3 spriggan berserkers
  6 orc high priests
  Nergalle (D:10)
  21 deep elf knights
  A fire crab (shapeshifter) (D:15)
  5 soul eaters
  2 spriggans (Depths:5)
  8 iron trolls
  9 skeletal warriors
  3 shadow wraiths
  4 unseen horrors
  4 glowing orange brains
  29 deep trolls
  A swamp dragon (shapeshifter) (D:13)
  7 wizards
  3 flayed ghosts (Depths:4)
  10 sea snakes
  8 deep elf archers
  Pikel (D:4)
  A deep troll (shapeshifter) (Depths:4)
  22 harpies
  5 phantasmal warriors
  A fire giant zombie (Vaults:1)
  8 necromancers
  2 shadow dragon zombies (Vaults:3)
  An obsidian statue (Depths:1)
  16 ironbrand convokers
  23 orc knights
  2 wolf spider zombies
  5 orc sorcerers
  The ghost of Vajrapani the Covert, a novice NaSu of Sif Muna (D:6)
  29 orb spiders
  2 oklob plants
  A mana viper (shapeshifter) (Depths:4)
  14 fauns
  56 deep elf magi
  48 wolf spiders
  15 manticores
  2 salamanders
  44 ugly things
  A human zombie (Vaults:1)
  A sphinx skeleton (Vaults:3)
  11 elephants
  5 cyclopes
  26 moths of wrath
  A guardian serpent (shapeshifter) (Depths:3)
  An orange demon (Depths:1)
  4 black mambas
  13 merfolk sirens
  13 vault sentinels
  3 torpor snails
  4 rust devils
  5 water nymphs
  3 guardian serpents (Desolation)
  24 spiny frogs
  A molten gargoyle (Desolation)
  A torpor snail (shapeshifter) (Depths:5)
  A hellion (Depths:3)
  5 rime drakes
  3 kobold demonologists
  10 freezing wraiths
  16 komodo dragons
  53 yaktaurs
  2 rime drakes (shapeshifter)
  2 ice devils
  7 demonic crawlers
  A hellwing (Depths:3)
  A yaktaur skeleton (Vaults:3)
  2 queen bees
  6 tengu conjurers
  4 meliai
  4 tyrant leeches (Lair:6)
  5 red devils
  20 humans
  55 jumping spiders
  4 wind drakes
  25 slime creatures
  9 trolls
  14 polar bears
  11 hornets
  29 merfolk
  A merfolk (shapeshifter) (D:13)
  34 saltlings (Desolation)
  4 wind drakes (shapeshifter)
  10 snapping turtles
  18 blink frogs
  12 hippogriffs
  6 small abominations
  6 dream sheep (Shoals:1)
  A fire giant simulacrum (Vaults:3)
  A frost giant simulacrum (Vaults:3)
  A centaur simulacrum (D:15)
  A spriggan (shapeshifter) (D:15)
  Sigmund (D:2)
  2 ettin zombies
  2 vampires (D:13)
  4 wraiths
  86 redbacks
  7 air elementals
  7 large abominations
  34 tarantellas
  15 water elementals
  2 ynoxinuls (WizLab)
  3 fire elementals
  A chaos spawn (D:14)
  4 hogs (D:9)
  4 basilisks
  7 wyverns
  59 yaks
  A hungry ghost (D:12)
  10 vampire mosquitoes
  A neqoxec (D:14)
  A warg (shapeshifter) (D:15)
  A swamp worm (shapeshifter) (Vaults:5)
  9 wargs
  3 soldier ants
  An acid dragon (D:14)
  A hell hound (Depths:3)
  A porcupine (shapeshifter) (Vaults:3)
  16 water moccasins
  13 porcupines
  6 sky beasts
  3 black bears
  An eye of draining (shapeshifter) (Vaults:4)
  15 ice beasts
  59 orc warriors
  5 phantoms
  48 ogres
  8 boggarts
  20 wolves
  2 necrophages
  The ghost of buskinjo the Slasher, an amateur DsAK of Lugonu (D:3)
  14 centaurs
  An eye of draining (D:13)
  5 big kobolds
  23 bullfrogs
  13 crocodiles
  An earth elemental (Elf:3)
  3 human skeletons (Vaults:3)
  2 wyvern skeletons
  6 scorpions
  38 killer bees
  A howler monkey (D:9)
  18 wights
  4 electric eels
  9 crimson imps
  4 bullfrog zombies
  6 centaur zombies
  4 quasits
  8 jellies
  Crazy Yiuf (D:7)
  34 orc priests
  6 centaur skeletons
  10 hounds
  3 bullfrog skeletons
  5 iron imps
  Ijyb (D:5)
  3 iguanas
  11 orc wizards
  13 worker ants
  2 hound zombies
  A worker ant zombie (D:7)
  4 gnolls (D:9)
  5 river rats
  18 adders
  4 shadow imps
  3 white imps
  2 oozes (Sewer)
  2 adder skeletons
  2 worms
  A dart slug (D:1)
  8 leopard geckos
  135 orcs
  9 giant cockroaches
  7 goblins
  6 hobgoblins
  11 jackals
  4 quokkas
  7 ball pythons
  A ball python skeleton (D:4)
  8 bats
  11 frilled lizards
  A jackal zombie (D:6)
  23 kobolds
  A leopard gecko skeleton (D:4)
  A leopard gecko zombie (D:6)
  A quokka zombie (D:8)
  12 rats
  A crawling corpse (Vaults:2)
  2 fungi
  19 plants
2628 creatures vanquished.

Vanquished Creatures (collateral kills)
  2 merfolk (Shoals:4)
2 creatures vanquished.

Vanquished Creatures (others)
  A sphinx (Depths:4)
  2 fire giants
  A very ugly thing (Vaults:5)
  A deep elf high priest (Vaults:5)
  A vault guard (Vaults:5)
  A satyr (Shoals:4)
  A deep troll (Vaults:5)
  A harpy (Shoals:4)
  Psyche (D:9)
  2 yaktaurs
  A hornet (Spider:4)
  A water elemental (Shoals:4)
  2 ogres
  A slave (D:4)
  An orc priest (Vaults:5)
  A hound (D:4)
  An adder (D:4)
  16 fungi
  113 plants
149 creatures vanquished.

Grand Total: 2779 creatures vanquished

Notes
Turn   | Place    | Note
-------+----------+-------------------------------------------
     0 | D:1      | grindst0ne the Formicid Fighter began the quest for the Orb.
     0 | D:1      | Reached XP level 1. HP: 18/18 MP: 1/1
   131 | D:1      | Found a shimmering altar of Xom.
   133 | D:1      | Found a sparkling altar of Nemelex Xobeh.
   133 | D:1      | Found an iron altar of Okawaru.
   135 | D:1      | Found a hazy altar of Hepliaklqana.
   135 | D:1      | Found a hazy altar of Hepliaklqana.
   135 | D:1      | Found a glowing silver altar of Zin.
   173 | D:1      | Reached XP level 2. HP: 25/25 MP: 2/2
   204 | D:1      | Reached skill level 4 in Fighting
   271 | D:1      | You fall through a shaft!
   325 | D:1      | Reached XP level 3. HP: 28/31 MP: 3/3
   794 | D:1      | Reached XP level 4. HP: 15/38 MP: 4/4
  1172 | D:2      | Noticed Sigmund
  1185 | D:2      | Killed Sigmund
  1185 | D:2      | Reached XP level 5. HP: 29/43 MP: 5/5
  1185 | D:2      | Reached XP level 6. HP: 33/49 MP: 6/6
  1813 | D:3      | Noticed buskinjo's ghost (amateur DsAK)
  1837 | D:3      | Killed buskinjo's ghost
  1837 | D:3      | Reached XP level 7. HP: 28/55 MP: 7/7
  2208 | D:4      | Gained mutation: You are weak. (Str -2) [potion of mutation]
  2208 | D:4      | Gained mutation: You are resistant to electric shocks. (rElec) [potion of mutation]
  2209 | D:4      | Lost mutation: You are weak. (Str -2) [potion of mutation]
  2209 | D:4      | Lost mutation: You are resistant to electric shocks. (rElec) [potion of mutation]
  2209 | D:4      | Gained mutation: Your spells are a little harder to cast, but a little more powerful. [potion of mutation]
  2209 | D:4      | Gained mutation: Your muscles are strong. (Str +2) [potion of mutation]
  2209 | D:4      | Gained mutation: You possess an exceptional clarity of mind. [potion of mutation]
  2603 | D:4      | Found a glowing drain.
  2630 | Sewer    | Entered a sewer
  2746 | Sewer    | Reached XP level 8. HP: 58/61 MP: 8/8
  2749 | Sewer    | Reached skill level 10 in Shields
  3191 | D:4      | Noticed Pikel
  3209 | D:4      | Killed Pikel
  3587 | D:5      | Entered Level 5 of the Dungeon
  3588 | D:5      | Noticed Ijyb
  3608 | D:5      | Killed Ijyb
  3642 | D:5      | Reached XP level 9. HP: 64/66 MP: 9/9
  4520 | D:5      | Reached skill level 1 in Evocations
  4823 | D:6      | Reached skill level 1 in Dodging
  4971 | D:6      | Noticed Vajrapani's ghost (novice NaSu)
  4971 | D:6      | Found Heazuc's Armour Shop.
  5290 | D:6      | Killed Vajrapani's ghost
  5341 | D:6      | Bought a scarf of repulsion for 156 gold pieces
  5811 | D:6      | Reached XP level 10. HP: 63/73 MP: 12/12
  5819 | D:6      | Lost mutation: Your muscles are strong. (Str +2) [potion of mutation]
  5819 | D:6      | Lost mutation: Your spells are a little harder to cast, but a little more powerful. [potion of mutation]
  5819 | D:6      | Lost mutation: You possess an exceptional clarity of mind. [potion of mutation]
  5819 | D:6      | Gained mutation: You have large cloven feet. [potion of mutation]
  5819 | D:6      | Gained mutation: You evolve. [potion of mutation]
  5819 | D:6      | Gained mutation: You possess an exceptional clarity of mind. [potion of mutation]
  5991 | D:7      | Found a staircase to the Ecumenical Temple.
  5997 | Temple   | Entered the Ecumenical Temple
  6165 | Temple   | Lost mutation: You evolve. [evolution]
  6314 | Temple   | Became a worshipper of Warmaster Okawaru
  6452 | D:7      | Reached skill level 5 in Dodging
  6796 | D:7      | Found a runed door.
  6800 | D:7      | Noticed Crazy Yiuf
  6809 | D:7      | Killed Crazy Yiuf
  7185 | D:8      | Noticed a death yak
  7188 | D:8      | Noticed a death yak
  7188 | D:8      | Noticed a death yak
  7213 | D:8      | Killed a death yak
  7229 | D:8      | Killed a death yak
  7229 | D:8      | Reached * piety under Okawaru
  7238 | D:8      | Killed a death yak
  7238 | D:8      | Reached ** piety under Okawaru
  7566 | D:8      | Found a blossoming altar of Fedhas.
  7824 | D:8      | Paralysed by fainting for 11 turns
  7843 | D:8      | Paralysed by fainting for 5 turns
  8061 | D:8      | Found a staircase to the Lair.
  8091 | D:8      | Reached *** piety under Okawaru
  8091 | D:8      | Reached XP level 11. HP: 63/78 MP: 14/14
  8226 | D:8      | Reached skill level 5 in Evocations
  8239 | D:8      | Lost mutation: You possess an exceptional clarity of mind. [potion of mutation]
  8239 | D:8      | Gained mutation: You have an increased reservoir of magic. (+10% MP) [potion of mutation]
  8239 | D:8      | Gained mutation: You are frail. (-10% HP) [potion of mutation]
  8239 | D:8      | Gained mutation: You are surrounded by a mild repulsion field. (EV +2) [potion of mutation]
  8239 | D:8      | Gained mutation: Your muscles are strong. (Str +2) [potion of mutation]
  8767 | D:9      | Noticed Psyche
  8781 | D:9      | Your ally died
  8837 | D:9      | Reached **** piety under Okawaru
  9019 | D:9      | Noticed a rakshasa
  9224 | D:9      | Reached skill level 5 in Fighting
  9496 | D:9      | Reached skill level 6 in Fighting
  9857 | D:9      | Reached skill level 7 in Fighting
  9975 | Lair:1   | Entered Level 1 of the Lair of Beasts
 10251 | Lair:1   | Found a burning altar of Makhleb.
 10346 | Lair:1   | Reached skill level 8 in Fighting
 10552 | Lair:1   | Reached ***** piety under Okawaru
 10889 | Lair:1   | Got a crystal war axe
 10898 | Lair:1   | Identified the +5 war axe of Dailico {holy, Fragile +Blink rC- rN+++} (You found it on level 1 of the Lair of Beasts)
 11378 | Lair:2   | Noticed a five-headed hydra
 11387 | Lair:2   | Killed a five-headed hydra
 11387 | Lair:2   | Reached skill level 9 in Fighting
 11387 | Lair:2   | Reached XP level 12. HP: 86/86 MP: 19/19
 11850 | Lair:2   | Received a gift from Okawaru
 11853 | Lair:2   | Got a crude broad axe {god gift}
 11935 | Lair:1   | Identified the +9 broad axe of Conflict {flame, *Corrode rElec Int+9} (Okawaru gifted it to you on level 2 of the Lair of Beasts)
 11963 | Lair:1   | Reached skill level 5 in Axes
 13123 | Lair:3   | Noticed a four-headed hydra
 13130 | Lair:3   | Killed a one-headed hydra
 13144 | Lair:3   | Reached ****** piety under Okawaru
 13144 | Lair:3   | Received a gift from Okawaru
 14056 | Lair:4   | Reached skill level 10 in Axes
 14056 | Lair:4   | Reached XP level 13. HP: 68/90 MP: 20/20
 14095 | Lair:4   | Received a gift from Okawaru
 14128 | Lair:4   | Reached skill level 10 in Armour
 14135 | Lair:4   | Found a frozen archway.
 14243 | IceCv    | Entered an ice cave
 15216 | IceCv    | Noticed a frost giant
 15237 | IceCv    | HP: 3/90 [frost giant/battleaxe of freezing (5)]
 15248 | IceCv    | Killed a frost giant
 15253 | IceCv    | HP: 4/90 [death yak (15)]
 15625 | IceCv    | Received a gift from Okawaru
 16286 | Lair:4   | Noticed an eight-headed hydra
 16293 | Lair:4   | Killed a five-headed hydra
 16293 | Lair:4   | Reached XP level 14. HP: 75/97 MP: 21/21
 16329 | Lair:4   | Found a staircase to the Shoals.
 17192 | Lair:4   | Found a hole to the Spider Nest.
 17575 | Lair:4   | Received a gift from Okawaru
 17578 | Lair:4   | Got a bloodstained scarf {god gift}
 17589 | Lair:4   | Identified the scarf of Kadgh {+Inv MP+9 Int+3} (Okawaru gifted it to you on level 4 of the Lair of Beasts)
 18570 | Lair:6   | Entered Level 6 of the Lair of Beasts
 19030 | Lair:6   | Received a gift from Okawaru
 19331 | Lair:6   | Reached skill level 10 in Dodging
 19331 | Lair:6   | Reached XP level 15. HP: 93/102 MP: 22/22
 19636 | Lair:6   | Received a gift from Okawaru
 19711 | Lair:6   | Reached skill level 1 in Invocations
 20155 | Lair:6   | Found a staircase to the Slime Pits.
 20477 | Lair:6   | Lost mutation: You are surrounded by a mild repulsion field. (EV +2) [potion of mutation]
 20477 | Lair:6   | Lost mutation: You have large cloven feet. [potion of mutation]
 20477 | Lair:6   | Gained mutation: You are clumsy. (Dex -2) [potion of mutation]
 20477 | Lair:6   | Gained mutation: Your spells are a little harder to cast, but a little more powerful. [potion of mutation]
 20479 | Lair:6   | Lost mutation: You are clumsy. (Dex -2) [potion of mutation]
 20479 | Lair:6   | Lost mutation: Your spells are a little harder to cast, but a little more powerful. [potion of mutation]
 20479 | Lair:6   | Lost mutation: Your muscles are strong. (Str +2) [potion of mutation]
 20479 | Lair:6   | Lost mutation: You are frail. (-10% HP) [potion of mutation]
 20479 | Lair:6   | Gained mutation: You are weak. (Str -2) [potion of mutation]
 20479 | Lair:6   | Gained mutation: You passively map a small area around you. [potion of mutation]
 21278 | D:10     | Entered Level 10 of the Dungeon
 21650 | D:10     | Reached skill level 10 in Fighting
 21904 | D:10     | Lost mutation: You are weak. (Str -2) [potion of mutation]
 21904 | D:10     | Lost mutation: You passively map a small area around you. [potion of mutation]
 21904 | D:10     | Lost mutation: You have an increased reservoir of magic. (+10% MP) [potion of mutation]
 21904 | D:10     | Gained mutation: You occasionally shout uncontrollably at your foes. [potion of mutation]
 21904 | D:10     | Gained mutation: You have a beak for a mouth. [potion of mutation]
 21904 | D:10     | Gained mutation: You possess an exceptional clarity of mind. [potion of mutation]
 21989 | D:10     | Noticed Nergalle
 21999 | D:10     | Killed Nergalle
 22207 | D:10     | Noticed Snorg
 22223 | D:10     | Killed Snorg
 22459 | D:11     | Reached skill level 11 in Fighting
 23646 | D:12     | Received a gift from Okawaru
 23652 | D:12     | Got a warped broad axe {god gift}
 23653 | D:12     | Identified the +12 broad axe "Hoeluoch" {holy, rC+} (Okawaru gifted it to you on level 12 of the Dungeon)
 23845 | D:12     | Got dazzling fire dragon scales
 23861 | D:12     | Identified the +5 fire dragon scales of Nobility {rF++ rC- MR- Dex+7} (You found it on level 12 of the Dungeon)
 23904 | D:12     | Found a staircase to the Orcish Mines.
 24023 | D:13     | Reached XP level 16. HP: 125/125 MP: 22/22
 24119 | D:13     | Got an uncursed ichor-stained lajatang {venom}
 24120 | D:13     | Identified the +2 lajatang "Jup Cufaciem" {venom, +Blink MR+ Str-3 Int+6} (You took it off a yaktaur on level 13 of the Dungeon)
 24595 | D:13     | Reached skill level 15 in Axes
 24611 | D:13     | Gained mutation: You sometimes yell uncontrollably at your foes. [mutagenic meat]
 24746 | D:13     | Received a gift from Okawaru
 24763 | D:13     | Gained mutation: You are frail. (-10% HP) [mutagenic meat]
 24764 | D:13     | Lost mutation: You are frail. (-10% HP) [mutagenic meat]
 25373 | D:13     | Received a gift from Okawaru
 25589 | D:13     | Found a gate to the Vaults.
 25762 | D:14     | Found a glowing golden altar of the Shining One.
 25857 | D:14     | Gained mutation: Your mind is acute. (Int +2) [mutagenic meat]
 25858 | D:14     | Gained mutation: You are frail. (-10% HP) [mutagenic meat]
 25860 | D:14     | Gained mutation: Your flesh is heat resistant. (rF+) [mutagenic meat]
 26291 | D:14     | Found a runed door.
 26537 | D:14     | Noticed a tentacled monstrosity
 26544 | D:14     | Killed a tentacled monstrosity
 26772 | D:14     | Reached XP level 17. HP: 108/117 MP: 20/23
 26776 | D:14     | Gained mutation: Your natural rate of healing is unusually fast. [mutagenic meat]
 26777 | D:14     | Gained mutation: Your mind is very acute. (Int +4) [mutagenic meat]
 26829 | D:14     | Gained mutation: You are partially covered in iridescent scales. (AC +2) [mutagenic meat]
 27091 | D:15     | Entered Level 15 of the Dungeon
 27138 | D:15     | Received a gift from Okawaru
 27172 | D:15     | Lost mutation: Your mind is very acute. (Int +4) [mutagenic meat]
 27282 | D:15     | Found a staircase to the Depths.
 27439 | D:15     | Found a deep blue altar of Sif Muna.
 27467 | D:15     | Gained mutation: Your magical capacity is low. (-10% MP) [mutagenic meat]
 27468 | D:15     | Lost mutation: Your mind is acute. (Int +2) [mutagenic meat]
 27469 | D:15     | Gained mutation: Your magical capacity is very low. (-20% MP) [mutagenic meat]
 27470 | D:15     | Gained mutation: You have sharp toenails. [mutagenic meat]
 27475 | D:15     | Lost mutation: Your flesh is heat resistant. (rF+) [mutagenic meat]
 27674 | Orc:1    | Entered Level 1 of the Orcish Mines
 27741 | Orc:1    | Found Qeotanol's General Store.
 27759 | Orc:1    | Bought a potion of might for 40 gold pieces
 27759 | Orc:1    | Bought a potion of resistance for 100 gold pieces
 27759 | Orc:1    | Bought a scroll of fog for 20 gold pieces
 27759 | Orc:1    | Bought a potion of curing for 30 gold pieces
 27809 | Orc:2    | Entered Level 2 of the Orcish Mines
 28120 | Orc:2    | Found a staircase to the Elven Halls.
 28259 | Orc:2    | Received a gift from Okawaru
 28961 | Orc:2    | Found Dyfoggia's Antique Armour Shop.
 28961 | Orc:2    | Found Vudetex's Distillery.
 28964 | Orc:2    | Found Jaunous's Antique Weapon Boutique.
 28964 | Orc:2    | Found Jujont's Jewellery Shop.
 28985 | Orc:2    | Bought a potion of experience for 800 gold pieces
 28985 | Orc:2    | Bought a potion of lignification for 48 gold pieces
 28985 | Orc:2    | Bought a potion of curing for 48 gold pieces
 28985 | Orc:2    | Bought a potion of heal wounds for 80 gold pieces
 28985 | Orc:2    | Bought a potion of mutation for 128 gold pieces
 28985 | Orc:2    | Bought a potion of curing for 48 gold pieces
 28985 | Orc:2    | Reached skill level 15 in Armour
 28985 | Orc:2    | Reached XP level 18. HP: 124/124 MP: 19/19
 28987 | Orc:2    | Lost mutation: You sometimes yell uncontrollably at your foes. [potion of mutation]
 28987 | Orc:2    | Lost mutation: You occasionally shout uncontrollably at your foes. [potion of mutation]
 28987 | Orc:2    | Gained mutation: You are surrounded by a mild repulsion field. (EV +2) [potion of mutation]
 28987 | Orc:2    | Lost mutation: You have sharp toenails. [potion of mutation]
 28987 | Orc:2    | Gained mutation: Your system is resistant to poisons. (rPois) [potion of mutation]
 28988 | Orc:2    | Lost mutation: Your magical capacity is very low. (-20% MP) [potion of mutation]
 28988 | Orc:2    | Lost mutation: Your system is resistant to poisons. (rPois) [potion of mutation]
 28988 | Orc:2    | Lost mutation: You are partially covered in iridescent scales. (AC +2) [potion of mutation]
 28988 | Orc:2    | Lost mutation: You possess an exceptional clarity of mind. [potion of mutation]
 28988 | Orc:2    | Gained mutation: You expend magic power (3 MP) to strengthen your wands. [potion of mutation]
 28988 | Orc:2    | Gained mutation: You possess an exceptional clarity of mind. [potion of mutation]
 28989 | Orc:2    | Lost mutation: You are frail. (-10% HP) [potion of mutation]
 28989 | Orc:2    | Lost mutation: Your magical capacity is low. (-10% MP) [potion of mutation]
 28989 | Orc:2    | Lost mutation: You have a beak for a mouth. [potion of mutation]
 28989 | Orc:2    | Lost mutation: You expend magic power (3 MP) to strengthen your wands. [potion of mutation]
 28989 | Orc:2    | Lost mutation: Your natural rate of healing is unusually fast. [potion of mutation]
 28989 | Orc:2    | Lost mutation: You possess an exceptional clarity of mind. [potion of mutation]
 28989 | Orc:2    | Gained mutation: You are weak. (Str -2) [potion of mutation]
 28989 | Orc:2    | Gained mutation: You passively map a small area around you. [potion of mutation]
 28989 | Orc:2    | Gained mutation: You are robust. (+10% HP) [potion of mutation]
 29318 | Spider:1 | Entered Level 1 of the Spider Nest
 29362 | Spider:1 | You fall through a shaft!
 30480 | Spider:2 | Noticed Arachne
 30521 | Spider:2 | Killed Arachne
 30521 | Spider:2 | Reached XP level 19. HP: 127/157 MP: 22/25
 31039 | Spider:2 | Received a gift from Okawaru
 31155 | Spider:2 | Reached skill level 12 in Fighting
 31459 | Spider:2 | Gained mutation: You are very robust. (+20% HP) [mutagenic meat]
 31460 | Spider:2 | Gained mutation: Your body sometimes deteriorates upon taking damage. [mutagenic meat]
 31462 | Spider:2 | Gained mutation: You are agile. (Dex +2) [mutagenic meat]
 31463 | Spider:2 | Gained mutation: You are very agile. (Dex +4) [mutagenic meat]
 31464 | Spider:2 | Gained mutation: You are dopey. (Int -2) [mutagenic meat]
 31920 | Spider:1 | Reached skill level 13 in Fighting
 32097 | Spider:1 | Received a gift from Okawaru
 32583 | Spider:1 | Reached skill level 14 in Fighting
 33246 | Spider:3 | Received a gift from Okawaru
 33475 | Spider:3 | Reached skill level 15 in Fighting
 33800 | Spider:4 | Entered Level 4 of the Spider Nest
 33990 | Spider:4 | Reached XP level 20. HP: 89/196 MP: 0/26
 33990 | Spider:4 | Reached skill level 16 in Fighting
 35147 | Spider:4 | Received a gift from Okawaru
 35846 | Spider:4 | Got a gossamer rune of Zot
 36523 | Shoals:1 | Entered Level 1 of the Shoals
 37095 | Shoals:1 | Received a gift from Okawaru
 37098 | Shoals:1 | Got a faintly humming plate armour {god gift}
 37121 | Shoals:1 | Identified the +16 plate armour of Okawaru's Benevolence {*Contam *Slow rC+++ Regen+} (Okawaru gifted it to you on level 1 of the Shoals)
 37427 | Shoals:2 | Lost mutation: You are dopey. (Int -2) [potion of mutation]
 37427 | Shoals:2 | Lost mutation: You are very agile. (Dex +4) [potion of mutation]
 37427 | Shoals:2 | Lost mutation: You are very robust. (+20% HP) [potion of mutation]
 37427 | Shoals:2 | Lost mutation: You are robust. (+10% HP) [potion of mutation]
 37427 | Shoals:2 | Lost mutation: You are weak. (Str -2) [potion of mutation]
 37427 | Shoals:2 | Lost mutation: You are agile. (Dex +2) [potion of mutation]
 37427 | Shoals:2 | Gained mutation: You occasionally shout uncontrollably at your foes. [potion of mutation]
 37427 | Shoals:2 | Gained mutation: Your natural rate of healing is unusually fast. [potion of mutation]
 37566 | Shoals:2 | Found Xydil's Antique Armour Shoppe.
 37612 | Shoals:2 | Bought a pair of ancient gloves for 313 gold pieces
 37617 | Shoals:2 | Identified the +0 pair of gloves of the Known World {rF+++ rC+ Str-5 Slay+3} (You bought it in a shop on level 2 of the Shoals)
 38715 | Shoals:3 | Lost mutation: Your body sometimes deteriorates upon taking damage. [potion of mutation]
 38715 | Shoals:3 | Lost mutation: You occasionally shout uncontrollably at your foes. [potion of mutation]
 38715 | Shoals:3 | Lost mutation: Your natural rate of healing is unusually fast. [potion of mutation]
 38715 | Shoals:3 | Lost mutation: You passively map a small area around you. [potion of mutation]
 38715 | Shoals:3 | Gained mutation: You are robust. (+10% HP) [potion of mutation]
 38715 | Shoals:3 | Gained mutation: You passively map a small area around you. [potion of mutation]
 39052 | Shoals:3 | Got a pitted bronze amulet
 39063 | Shoals:3 | Identified the amulet "Fearyos" {rPois rF- Regen+ Str+2} (You found it on level 3 of the Shoals)
 39091 | Shoals:3 | Reached XP level 21. HP: 153/188 MP: 27/27
 39342 | Shoals:4 | Entered Level 4 of the Shoals
 39342 | Shoals:4 | Noticed Ilsuiw
 39505 | Shoals:4 | Killed Ilsuiw
 39659 | Shoals:4 | Got an encrusted flail
 39660 | Shoals:4 | Identified the +6 flail of the Original Sin {crush, rPois rC+} (You found it on level 4 of the Shoals)
 39955 | Shoals:4 | Received a gift from Okawaru
 40081 | Shoals:4 | Got a barnacled rune of Zot
 40486 | Shoals:4 | Identified Sif Muna's Compendium of Attacks
 40553 | Shoals:4 | Got a slimy hand axe
 40555 | Shoals:4 | Identified the +9 hand axe of Resourcefulness {chop, +Rage Str-4 SInv Stlth+} (You found it on level 4 of the Shoals)
 40680 | Shoals:4 | Received a gift from Okawaru
 40687 | Shoals:4 | Reached skill level 15 in Dodging
 40929 | D:5      | Upgraded the game from 0.20.0-4-g10b340a to 0.20.0-6-gd3061e9
 41101 | Vaults:1 | Entered Level 1 of the Vaults
 41564 | Vaults:1 | Found a flickering gateway to a bazaar.
 41583 | Bazaar   | Entered a bazaar
 41583 | Bazaar   | Found Vayruf's General Store.
 41583 | Bazaar   | Found Paothyja's Book Shop.
 41583 | Bazaar   | Found Xyuh's Antique Armour Shop.
 41583 | Bazaar   | Found Ruadot's Jewellery Boutique.
 41611 | Bazaar   | Bought a potion of resistance for 170 gold pieces
 41611 | Bazaar   | Bought a potion of might for 68 gold pieces
 41611 | Bazaar   | Bought a scroll of enchant weapon for 127 gold pieces
 42062 | Vaults:1 | Received a gift from Okawaru
 42197 | Vaults:1 | Gained mutation: Your mind is acute. (Int +2) [mutagenic meat]
 42199 | Vaults:1 | Gained mutation: You are clumsy. (Dex -2) [mutagenic meat]
 42200 | Vaults:1 | Lost mutation: You are surrounded by a mild repulsion field. (EV +2) [mutagenic meat]
 42201 | Vaults:1 | Lost mutation: You are clumsy. (Dex -2) [mutagenic meat]
 42264 | Vaults:1 | Reached XP level 22. HP: 149/198 MP: 28/28
 42445 | Vaults:1 | Reached skill level 17 in Fighting
 42701 | Vaults:2 | Found Duipitz's Antique Weapon Emporium.
 42813 | Vaults:2 | Gained mutation: Armour fits poorly on your strangely shaped body. [mutagenic meat]
 42814 | Vaults:2 | Lost mutation: Your mind is acute. (Int +2) [mutagenic meat]
 42815 | Vaults:2 | Lost mutation: Armour fits poorly on your strangely shaped body. [mutagenic meat]
 42816 | Vaults:2 | Gained mutation: Your natural rate of healing is unusually fast. [mutagenic meat]
 43019 | Vaults:2 | Reached skill level 5 in Invocations
 43136 | Vaults:2 | Received a gift from Okawaru
 43570 | Vaults:2 | Noticed Xtahua
 43593 | Vaults:2 | Killed Xtahua
 43734 | Vaults:2 | Reached skill level 18 in Fighting
 44239 | Vaults:3 | Found a magical portal.
 44246 | WizLab   | Entered The Hall of the Hellbinder
 44305 | WizLab   | Received a gift from Okawaru
 44308 | WizLab   | Got a distressingly furry scale mail {god gift}
 44481 | WizLab   | Found a burning altar of Makhleb.
 44540 | WizLab   | Identified the Tome of Companions
 44578 | WizLab   | Identified the Tome of Monotheism
 44636 | WizLab   | Reached skill level 19 in Fighting
 44672 | WizLab   | Gained mutation: Your magical capacity is low. (-10% MP) [a cacodemon]
 45059 | Vaults:3 | Got a pair of crude boots
 45070 | Vaults:3 | Identified the +0 pair of boots "Qiedaih" {Str+2} (You found it on level 3 of the Vaults)
 45117 | Vaults:3 | Reached XP level 23. HP: 208/213 MP: 26/26
 45170 | Vaults:3 | Found a staircase to the Crypt.
 45702 | Vaults:3 | Received a gift from Okawaru
 45994 | Vaults:3 | Got a crude bronze ring
 45996 | Vaults:3 | Identified the ring "Becaydop" {rPois rN+} (You found it on level 3 of the Vaults)
 46197 | Vaults:3 | Gained mutation: Your flesh is heat resistant. (rF+) [mutagenic meat]
 46198 | Vaults:3 | Gained mutation: You are somewhat resistant to further mutation. [mutagenic meat]
 47158 | Vaults:4 | Received a gift from Okawaru
 47322 | Vaults:4 | Reached XP level 24. HP: 208/221 MP: 26/26
 47706 | Vaults:5 | Entered Level 5 of the Vaults
 47730 | Vaults:5 | Received a gift from Okawaru
 48035 | Vaults:4 | Received a gift from Okawaru
 48285 | Vaults:4 | Reached XP level 25. HP: 79/228 MP: 24/26
 48427 | Vaults:4 | Received a gift from Okawaru
 48725 | Vaults:5 | Received a gift from Okawaru
 48771 | Vaults:5 | Found Gofeng's Distillery.
 48771 | Vaults:5 | Found Exygo's Magic Scroll Emporium.
 48775 | Vaults:5 | Found Liaph's Food Shoppe.
 48805 | Vaults:5 | Found Hener's Magic Scroll Boutique.
 48817 | Vaults:5 | Found Xeucock's Magic Scroll Emporium.
 48817 | Vaults:5 | Found Wagof's Distillery.
 48849 | Vaults:5 | Found Ruud's Distillery.
 49195 | Vaults:5 | Got a silver rune of Zot
 49339 | Vaults:5 | Found Xiwehyob's Antique Armour Shop.
 49392 | Vaults:5 | Found Bihetzi's Gadget Boutique.
 49499 | Vaults:5 | Found Gosh's Jewellery Emporium.
 49717 | Vaults:5 | Found Ivibo's Food Shop.
 49771 | Vaults:5 | Received a gift from Okawaru
 49783 | Vaults:5 | Identified 3 scrolls of acquirement
 49816 | Vaults:5 | Got a slimy iron ring
 49818 | Vaults:5 | Identified the ring "Qinuwagi" {MR- Int+6 Dex+2} (You acquired it on level 5 of the Vaults)
 49825 | Vaults:5 | Got a steaming turquoise ring
 49826 | Vaults:5 | Identified the ring "Xoemm" {Ice MR+ Int+6} (You acquired it on level 5 of the Vaults)
 50136 | Vaults:5 | Bought a scroll of fear for 73 gold pieces
 50143 | Vaults:5 | Bought a potion of lignification for 45 gold pieces
 50143 | Vaults:5 | Bought a potion of heal wounds for 75 gold pieces
 50143 | Vaults:5 | Bought a potion of ambrosia for 120 gold pieces
 50143 | Vaults:5 | Bought a potion of heal wounds for 75 gold pieces
 50143 | Vaults:5 | Bought a potion of heal wounds for 75 gold pieces
 50143 | Vaults:5 | Bought a potion of curing for 45 gold pieces
 50143 | Vaults:5 | Bought a potion of might for 60 gold pieces
 50150 | Vaults:5 | Bought 2 potions of heal wounds for 160 gold pieces
 50150 | Vaults:5 | Bought a potion of resistance for 160 gold pieces
 50150 | Vaults:5 | Bought a potion of curing for 48 gold pieces
 50150 | Vaults:5 | Bought a potion of ambrosia for 128 gold pieces
 50178 | Vaults:5 | Bought a scroll of summoning for 133 gold pieces
 50178 | Vaults:5 | Bought a scroll of fog for 28 gold pieces
 50178 | Vaults:5 | Bought a scroll of magic mapping for 49 gold pieces
 50178 | Vaults:5 | Bought a scroll of fear for 49 gold pieces
 50185 | Vaults:5 | Bought a potion of curing for 54 gold pieces
 50185 | Vaults:5 | Bought a potion of heal wounds for 90 gold pieces
 50185 | Vaults:5 | Bought 3 potions of cancellation for 432 gold pieces
 50185 | Vaults:5 | Bought a potion of heal wounds for 90 gold pieces
 50185 | Vaults:5 | Bought a potion of might for 72 gold pieces
 50185 | Vaults:5 | Bought a potion of cancellation for 144 gold pieces
 50185 | Vaults:5 | Bought a potion of heal wounds for 90 gold pieces
 50537 | Elf:1    | Entered Level 1 of the Elven Halls
 50927 | Elf:1    | Identified the Reference Book on the Escort
 50976 | Elf:1    | You fall through a shaft!
 50985 | Elf:2    | Found Haheteo's General Store.
 50986 | Elf:2    | Found Dodopayh's Assorted Antiques.
 51002 | Elf:2    | Bought a scroll labeled LAAWYR DENYU for 27 gold pieces
 51154 | Elf:2    | Found a ruined gateway.
 51163 | Elf:2    | Reached XP level 26. HP: 222/235 MP: 26/26
 51182 | Desolati | Entered the Desolation of Salt
 51423 | Desolati | Got a steaming broad axe
 51429 | Desolati | Identified the +4 broad axe of Kudese {antimagic, +Blink rElec Str+5 Stlth+} (You found it in the Desolation of Salt)
 51514 | Desolati | Got a wavering copper amulet
 51515 | Desolati | Identified the amulet "Pacocsuc" {Harm *Drain Dex+5} (You found it in the Desolation of Salt)
 51517 | Desolati | Identified Yzxenew's Compendium of the Mountains
 51720 | Desolati | Got a coiled wooden ring
 51721 | Desolati | Identified the ring "Numitt" {rElec Str+2 Dex-4 Slay+5} (You found it in the Desolation of Salt)
 52049 | Elf:2    | Found Avuafo's Gadget Shoppe.
 52058 | Elf:2    | Found Nyah's Jewellery Shop.
 52059 | Elf:2    | Found Amiaxef's Gadget Shoppe.
 52104 | Elf:2    | Found Luecoish's Food Boutique.
 52125 | Elf:2    | Found a runed gate.
 52125 | Elf:2    | Found a runed gate.
 52125 | Elf:2    | Found a runed gate.
 52382 | Elf:2    | Reached skill level 10 in Invocations
 52383 | Elf:2    | Noticed Louise
 52404 | Elf:2    | Killed Louise
 52589 | Elf:3    | Entered Level 3 of the Elven Halls
 53213 | Elf:3    | Received a gift from Okawaru
 53213 | Elf:3    | Reached skill level 10 in Evocations
 53216 | Elf:3    | Got a twisted plate armour {god gift}
 53220 | Elf:3    | Identified the +9 plate armour "Acuxen" {+Blink rF++} (Okawaru gifted it to you on level 3 of the Elven Halls)
 53484 | Elf:3    | Got a warped silver ring
 53486 | Elf:3    | Identified the ring "Iwiogg" {rElec rPois MR+} (You took it off a deep elf master archer on level 3 of the Elven Halls)
 53493 | Elf:3    | Got an ancient steel amulet
 53496 | Elf:3    | Identified the amulet of Serrigg {Gourm rElec rF- Str-4 Int+8 Dex+3} (You took it off a deep elf demonologist on level 3 of the Elven Halls)
 53694 | Elf:3    | Identified Zisoa's Catalogue of Beguiling and Stones
 53700 | Elf:3    | Got a pair of slimy gloves
 53711 | Elf:3    | Identified the +2 pair of gloves "Dilin" {Str+3} (You found it on level 3 of the Elven Halls)
 53842 | Elf:3    | Identified Dikyip's Catalogue of the Lucky Volcanoes
 54267 | Depths:1 | Entered Level 1 of the Depths
 54434 | Depths:1 | Reached XP level 27. HP: 223/243 MP: 29/29
 54881 | Depths:1 | Received a gift from Okawaru
 54978 | Depths:1 | Found a one-way gate leading to the halls of Pandemonium.
 55197 | Depths:1 | Found a gateway to Hell.
 55765 | Depths:2 | Found a one-way gate to the infinite horrors of the Abyss.
 55800 | Depths:2 | Found Lopuwolo's Jewellery Boutique.
 55801 | Depths:2 | Found Beisei's Book Boutique.
 55801 | Depths:2 | Found Jeggomm's Jewellery Shop.
 55823 | Depths:2 | Found Cean's Distillery.
 56136 | Depths:2 | Received a gift from Okawaru
 56173 | Depths:2 | Reached skill level 15 in Shields
 56865 | Depths:3 | Found an iron altar of Okawaru.
 56911 | Depths:3 | Received a gift from Okawaru
 57908 | Depths:4 | Found a runed door.
 58439 | Depths:4 | Noticed Frederick
 58481 | Depths:4 | Killed Frederick
 58481 | Depths:4 | Received a gift from Okawaru
 58520 | Depths:4 | Got a crude large shield {god gift}
 58532 | Depths:4 | Identified the +6 large shield of Qynk {+Fly} (Okawaru gifted it to you on level 4 of the Depths)
 58670 | Depths:4 | Noticed Jorgrun
 58679 | Depths:4 | Killed Jorgrun
 58679 | Depths:4 | Reached skill level 20 in Fighting
 59037 | Depths:5 | Entered Level 5 of the Depths
 59101 | Depths:5 | Found a gate to the Realm of Zot.
 59197 | Depths:5 | Reached skill level 21 in Fighting
 59237 | Depths:5 | Received a gift from Okawaru
 59249 | Depths:5 | Got a smoking broad axe {god gift}
 59250 | Depths:5 | Identified the +4 broad axe of Fatigue {chop, +Blink} (Okawaru gifted it to you on level 5 of the Depths)
 59727 | Depths:5 | Found a gateway to a ziggurat.
 59727 | Depths:5 | Noticed an ancient lich
 60164 | Zot:1    | Entered Level 1 of the Realm of Zot
 60309 | Zot:1    | Got a faintly glowing broad axe
 60310 | Zot:1    | Identified the +10 broad axe of the Heavens {chop, +Rage MR+ Int+4 SInv} (You found it on level 1 of the Realm of Zot)
 60492 | Zot:1    | Received a gift from Okawaru
 60863 | Zot:2    | Reached skill level 22 in Fighting
 61152 | Zot:2    | Noticed an orb of fire
 61164 | Zot:2    | Lost mutation: Your natural rate of healing is unusually fast. [an orb of fire]
 61167 | Zot:2    | Gained mutation: Your magical capacity is very low. (-20% MP) [an orb of fire]
 61173 | Zot:2    | Killed an orb of fire
 61431 | Zot:2    | Reached skill level 23 in Fighting
 62002 | Zot:3    | Received a gift from Okawaru
 62850 | Zot:4    | Noticed MDvedh's ghost (veteran MiVM)
 62934 | Zot:4    | Killed MDvedh's ghost
 63747 | Zot:5    | Entered Level 5 of the Realm of Zot
 63850 | Zot:5    | Received a gift from Okawaru
 64044 | Zot:5    | Reached skill level 15 in Invocations
 64611 | Zot:5    | Received a gift from Okawaru
 64618 | Zot:5    | Noticed an ancient lich
 64658 | Zot:5    | Killed from afar by a Hell Sentinel

Skill      XL: |  1  2  3  4  5  6  7  8  9 10 11 12 13 14 15 16 17 18 19 20 21 22 23 24 25 26 27 |
---------------+----------------------------------------------------------------------------------+-----
Fighting       | 4 9 11 15 16 19 23 | 23.1
Shields        | 4 7 8 9 10 11 20 | 20.1
Armour         | 7 9 14 15 17 18 21 | 21.2
Evocations     | 2 4 7 9 12 | 12.3
Dodging        | 4 9 10 11 13 15 16 19 20 | 20.0
Axes           | 10 13 14 17 18 19 20 22 | 22.5
Invocations    | 4 7 9 10 15 | 15.9

Action                   |  1- 3 |  4- 6 |  7- 9 | 10-12 | 13-15 | 16-18 | 19-21 | 22-24 | 25-27 || total
-------------------------+-------+-------+-------+-------+-------+-------+-------+-------+-------++-------
Melee: War axe           |   125 |   163 |   470 |   778 |       |       |       |       |       ||  1536
       Kick              |       |       |       |   206 |       |       |       |       |       ||   206
       Broad axe         |       |       |       |    81 |  1127 |  1092 |  1723 |  1052 |  2874 ||  7949
       Peck              |       |       |       |       |    46 |   216 |       |       |       ||   262
Invok: Heroism           |       |       |       |     1 |     1 |     2 |     5 |    10 |    10 ||    29
       Finesse           |       |       |       |       |       |       |       |     1 |       ||     1
 Abil: Dig               |       |     5 |    26 |    39 |    63 |    52 |    76 |       |    78 ||   339
       Shaft Self        |       |       |       |       |       |     1 |       |       |       ||     1
       Evoke Invisibilit |       |       |       |       |       |       |     2 |     4 |     4 ||    10
Evoke: Wand              |       |       |       |     5 |    28 |     6 |    20 |     4 |    10 ||    73
       Phantom mirror    |       |       |       |       |     1 |       |       |       |       ||     1
       Box of beasts     |       |       |       |       |       |       |     1 |       |       ||     1
  Use: Potion            |       |     1 |     2 |    11 |    11 |    12 |     3 |    11 |    14 ||    65
       Scroll            |       |       |    15 |     9 |     3 |    15 |     8 |     3 |    22 ||    75
 Stab: Distracted        |       |       |       |       |     2 |       |       |       |     1 ||     3
       Petrified         |       |       |       |       |     1 |       |       |       |       ||     1
       Invisible         |       |       |       |       |       |       |     7 |    31 |    20 ||    58
  Eat: Chunk             |       |     4 |    20 |    24 |    36 |    50 |    39 |    25 |    35 ||   233
       Fruit             |       |       |     1 |     1 |     2 |     2 |     8 |     1 |     2 ||    17
       Bread ration      |       |       |       |     2 |     2 |     1 |     3 |     2 |     6 ||    16
       Royal jelly       |       |       |       |       |       |     2 |     1 |       |     2 ||     5
Armor: Scale mail        |    20 |       |       |       |       |       |       |       |       ||    20
       Chain mail        |    63 |    89 |    89 |       |       |       |       |       |       ||   241
       Ring mail         |       |       |    82 |   204 |     3 |       |       |       |       ||   289
       Skin              |       |       |       |    11 |       |       |       |       |       ||    11
       Plate armour      |       |       |       |       |   348 |   322 |   834 |   395 |   905 ||  2804
Dodge: Dodged            |    44 |    47 |   161 |   542 |   409 |   357 |   978 |   454 |  1107 ||  4099
Block: Shield            |    66 |    91 |   383 |   656 |   615 |   516 |  1186 |   603 |  1043 ||  5159
       Large shield      |       |       |       |       |       |       |       |       |  1079 ||  1079
